 Dungeon Crawl Stone Soup version 0.21.1-1-g345015fe64 (webtiles) character file.

1855 Kejsarherre the Carver (level 8, -2/68 HPs)
             Began as a Deep Dwarf Fighter on May 3, 2018.
             Slain by Pikel
             ... wielding a +1 whip of electrocution
              (11 damage)
             ... on level 7 of the Dungeon.
             The game lasted 00:20:45 (3745 turns).

Kejsarherre the Carver (Deep Dwarf Fighter)         Turns: 3745, Time: 00:20:45

Health: -2/68      AC: 14    Str: 20    XL:     8   Next: 89%
Magic:  0/15       EV:  4    Int: 11    God:
Gold:   308        SH: 10    Dex: 12    Spells: 4/7 levels left

rFire    . . .     SeeInvis .   a - +0 long sword
rCold    . . .     Gourm    .   c - +0 shield
rNeg     . . .     Faith    .   A - +0 plate armour
rPois    +         Spirit   +   (no helmet)
rElec    .         Reflect  .   (no cloak)
rCorr    .         Harm     .   t - +0 pair of gloves
MR       +....                  v - +0 pair of boots
Stlth    ..........             d - amulet of guardian spirit
HPRegen  0.00/turn              p - ring of poison resistance
MPRegen  0.14/turn              j - ring of magical power

@: non-regenerating
A: damage resistance, heal wounds, sense surroundings 1, no regeneration
a: Heal Wounds


You were on level 7 of the Dungeon.
You were not hungry.

You visited 1 branch of the dungeon, and saw 7 of its levels.

You collected 308 gold pieces.

Inventory:

Hand Weapons
 a - a +0 long sword (weapon)
 o - a +0 club
Armour
 c - a +0 shield (worn)
 t - a +0 pair of gloves (worn)
 v - a +0 pair of boots (worn)
 A - a +0 plate armour (worn)
Jewellery
 d - an amulet of guardian spirit (around neck)
 j - a ring of magical power (right hand)
 p - a ring of poison resistance (left hand)
Scrolls
 e - 4 scrolls of teleportation {unknown}
 g - 2 scrolls of enchant armour {unknown}
 h - a scroll of immolation {unknown}
 i - a scroll of amnesia {unknown}
 k - a scroll of enchant weapon {unknown}
 l - 5 scrolls of remove curse {unknown}
 m - 3 scrolls of identify {unknown}
 n - a scroll of magic mapping {unknown}
 q - a scroll of fog {unknown}
 u - a scroll of fear {unknown}
 y - a scroll of silence {unknown}
Potions
 r - a potion of flight {unknown}
 s - a potion of brilliance {unknown}
 w - a potion of resistance {unknown}
 z - a potion of berserk rage {unknown}
Books
 x - a book of Geomancy

   Spells                             Type                      Level
   a - Sandblast                      Earth                        1
   b - Passwall                       Transmutation/Earth          2
   c - Stone Arrow                    Conjuration/Earth            3
   d - Petrify                        Transmutation/Earth          4
   e - Lee's Rapid Deconstruction     Earth                        5
Comestibles
 f - 12 rations


   Skills:
 - Level 2.6 Fighting
 - Level 10.2 Long Blades
 + Level 5.4 Armour
 + Level 5.4 Shields


You had 4 spell levels left.
You knew the following spells:

 Your Spells              Type           Power        Failure   Level  Hunger
a - Stone Arrow           Conj/Erth      #.....       100%        3    ####...


Dungeon Overview and Level Annotations

Branches:
Dungeon (7/15)
 Temple: D:4-7

Altars:
Cheibriados
Fedhas
Hepliaklqana
Okawaru
Qazlal
Sif Muna
Trog
The Shining One

Shops:
D:7 =

Annotations:
D:2 Robin
D:4 Kloppie's ghost, amateur TrBe
D:7 Pikel


Innate Abilities, Weirdness & Mutations

You are resistant to damage.
You can heal yourself by infusing magical energy.
You passively map a small area around you.
You do not regenerate.


Message History

Pikel hits you but does no damage.
You miss Pikel.
Pikel is severely wounded.
Pikel hits you but does no damage.
You fail to use your ability.
Pikel barely misses you.
You hit Pikel but do no damage.
Pikel is severely wounded.
You block Pikel's attack.
You feel much better. You block Pikel's attack.
You closely miss Pikel.
Pikel is severely wounded.
Pikel hits you with a whip of electrocution!
You are electrocuted!
* * * LOW HITPOINT WARNING * * *
You miss Pikel.
Pikel is severely wounded.
Pikel hits you with a whip of electrocution.
* * * LOW HITPOINT WARNING * * *
You are electrocuted!
You die...

#######...##......#
.....##...#######.#
#....#...(.# #.#
.....#.....# #.##
.....#...(.# #..#
.....#.....# ##.#
..##.##.#..## #.##
..#*.##'##..######..#
...#.......((coK@...#
...#.....####p####..#
,#.....##.....##..#
'.....#.......#..#
*#.....#.......#).#
##...#....._.).)).#
.......#.......#..#
,.......#.......#.##
.....$.##.....##.#


You could see Pikel, a slave, a centaur and an orc.

Vanquished Creatures
  Menkaure (D:7)
  Duvessa (D:5)
  An orc warrior (D:7)
  A sky beast (D:6)
  2 slaves (D:7)
  A phantom (D:7)
  3 bullfrogs
  Blork the orc (D:5)
  Dowan (D:5)
  4 scorpions
  A howler monkey (D:7)
  An electric eel (D:7)
  A crimson imp (D:6)
  A hound (D:6)
  4 jellies
  3 orc priests
  A centaur skeleton (D:4)
  Jessica (D:2)
  Ijyb (D:4)
  Natasha (twice) (D:2)
  3 iguanas
  2 orc wizards
  A worker ant (D:5)
  A hound zombie (D:6)
  A worker ant zombie (D:5)
  5 gnolls
  3 adders (D:2)
  3 shadow imps (D:6)
  An ooze (D:1)
  A worm (D:2)
  4 dart slugs
  2 leopard geckos
  20 orcs
  A giant cockroach (D:5)
  15 goblins
  4 hobgoblins
  5 jackals
  7 kobolds
  3 quokkas
  4 bats
  A jackal zombie (D:5)
  A leopard gecko skeleton (D:6)
  A rat (D:1)
121 creatures vanquished.

Notes
Turn   | Place    | Note
-------+----------+-------------------------------------------
     0 | D:1      | Kejsarherre the Deep Dwarf Fighter began the quest for the Orb.
     0 | D:1      | Reached XP level 1. HP: 20/20 MP: 1/1
    52 | D:1      | Reached XP level 2. HP: 27/27 MP: 2/2
   136 | D:1      | Reached skill level 3 in Long Blades
   249 | D:1      | Reached XP level 3. HP: 28/33 MP: 3/3
   422 | D:2      | Reached skill level 4 in Long Blades
   474 | D:2      | Found a deep blue altar of Sif Muna.
   474 | D:2      | Found a blossoming altar of Fedhas.
   474 | D:2      | Noticed Jessica
   478 | D:2      | Killed Jessica
   478 | D:2      | Reached XP level 4. HP: 23/40 MP: 4/4
   530 | D:2      | Found a snail-covered altar of Cheibriados.
   580 | D:2      | Noticed Robin
   714 | D:2      | Noticed Natasha
   728 | D:2      | HP: 2/40 [Natasha (5)]
   730 | D:2      | Killed Natasha
   730 | D:2      | Reached skill level 5 in Long Blades
   730 | D:2      | Reached XP level 5. HP: 23/46 MP: 5/5
   824 | D:2      | Noticed Natasha
   848 | D:2      | Killed Natasha
   969 | D:4      | Reached skill level 6 in Long Blades
  1080 | D:4      | Noticed Ijyb
  1097 | D:4      | Killed Ijyb
  1132 | D:4      | Reached XP level 6. HP: 45/55 MP: 6/6
  1335 | D:4      | Noticed Kloppie's ghost (amateur TrBe)
  1397 | D:4      | Found an iron altar of Okawaru.
  1442 | D:5      | Entered Level 5 of the Dungeon
  1609 | D:5      | Noticed Dowan
  1634 | D:5      | Killed Dowan
  1634 | D:5      | Reached skill level 7 in Long Blades
  1894 | D:5      | Noticed Duvessa
  1895 | D:5      | Noticed Blork the orc
  1923 | D:5      | Killed Duvessa
  1923 | D:5      | Reached skill level 8 in Long Blades
  1923 | D:5      | Reached XP level 7. HP: 46/61 MP: 7/7
  1930 | D:5      | Killed Blork the orc
  2113 | D:5      | Noticed a fire elemental
  2114 | D:5      | Found a stormy altar of Qazlal.
  2117 | D:5      | Noticed an air elemental
  2117 | D:5      | Noticed a water elemental
  2170 | D:5      | Found a bloodstained altar of Trog.
  2569 | D:6      | Reached skill level 9 in Long Blades
  2764 | D:6      | HP: 2/61 [orc priest/divine providence (9)]
  2992 | D:6      | Reached XP level 8. HP: 18/68 MP: 0/8
  3181 | D:6      | Reached skill level 10 in Long Blades
  3209 | D:6      | Learned a level 3 spell: Stone Arrow
  3452 | D:7      | HP: 3/68 [electric eel/bolt of electricity (8)]
  3482 | D:7      | Noticed Menkaure
  3494 | D:7      | Killed Menkaure
  3503 | D:7      | Found a hazy altar of Hepliaklqana.
  3550 | D:7      | Reached skill level 5 in Armour
  3550 | D:7      | Reached skill level 5 in Shields
  3610 | D:7      | Found Diolusiwn's Jewellery Emporium.
  3678 | D:7      | Found a glowing golden altar of the Shining One.
  3680 | D:7      | Noticed Pikel
  3745 | D:7      | Slain by Pikel

Skill      XL: |  1  2  3  4  5  6  7  8 |
---------------+-------------------------+-----
Long Blades    | 3 4 5 6 8 9 10 | 10.2
Armour         | 5 |  5.4
Shields        | 5 |  5.4
Fighting       | |  2.6

Action                   |  1- 3 |  4- 6 |  7- 9 || total
-------------------------+-------+-------+-------++-------
Melee: Long sword        |    80 |   213 |   333 ||   626
 Abil: Heal Wounds       |       |     6 |    11 ||    17
Evoke: Wand              |       |     6 |       ||     6
  Use: Potion            |       |     5 |     1 ||     6
  Eat: Chunk             |       |     4 |     3 ||     7
       Ration            |       |       |     1 ||     1
Armor: Scale mail        |    36 |    89 |    64 ||   189
       Plate armour      |       |       |    18 ||    18
Dodge: Dodged            |    22 |    63 |    78 ||   163
Block: Shield            |    36 |    94 |   115 ||   245
       Rpst.: Long sword |     6 |    29 |    22 ||    57
